 Dungeon Crawl Stone Soup version 0.28-a0-172-g787e458d71 (webtiles) character file.

Game seed: 16020177944069536040

288 Sweetruy1997 the Chiller (level 6, -2/48 HPs)
             Began as a Draconian Ice Elementalist on Aug 16, 2021.
             Slain by a wyvern zombie (8 damage)
             ... on level 3 of the Dungeon on Aug 17, 2021.
             The game lasted 00:09:25 (3435 turns).

Sweetruy1997 the Chiller (DrIE)                     Turns: 3435, Time: 00:09:26

Health: -2/48      AC: 14    Str: 11    XL:     6   Next: 9%
Magic:  1/11       EV: 12    Int: 16    God:
Gold:   101        SH:  0    Dex: 12    Spells: 2/12 levels left

rFire   . . .      SeeInvis .   i - +1 mace (protect)
rCold   . . .      Faith    .   (no shield)
rNeg    . . .      Spirit   .   (armour unavailable)
rPois   .          Reflect  .   (helmet restricted)
rElec   .          Harm     .   (no cloak)
rCorr   .          Rampage  .   (no gloves)
Will    .....                   f - +0 pair of boots
Stlth   ++........              (no amulet)
HPRegen 0.16/turn               (no ring)
MPRegen 0.12/turn               (no ring)

@: under a protective aura
A: AC +6, unfitting armour, cold-blooded
a: no special abilities


You were on level 3 of the Dungeon.
You visited 1 branch of the dungeon, and saw 3 of its levels.

You collected 101 gold pieces.

Inventory:

Hand Weapons
 i - a +1 mace of protection (weapon)
Armour
 f - a +0 pair of boots (worn)
Jewellery
 j - a ring of magical power
Scrolls
 a - a scroll of identify {unknown}
 b - a scroll of fog
 d - a scroll of enchant weapon {unknown}
 g - a scroll of acquirement {unknown}
 h - a scroll of enchant armour {unknown}
Potions
 c - 2 potions of curing
 e - a potion of might {unknown}
 k - a potion of cancellation {unknown}
 l - a potion of attraction {unknown}


   Skills:
 + Level 2.2 Fighting
 + Level 1.0 Maces & Flails
 + Level 2.2 Dodging
 + Level 2.1 Stealth
 + Level 3.7 Spellcasting
 + Level 5.5 Ice Magic


You had 2 spell levels left.
You knew the following spells:

 Your Spells              Type           Power      Damage    Failure   Level
a - Freeze                Ice            80%        1d9       1%          1
b - Frozen Ramparts       Ice            40%        1d6       5%          3
c - Ozocubu's Armour      Ice            20%        N/A       5%          3
d - Ignite Poison         Fire/Tmut/Pois 2%         N/A       45%         3

Your spell library contained the following spells:

 Spells                   Type           Power      Damage    Failure   Level
 Mephitic Cloud           Conj/Pois/Air  2%         N/A       45%         3
 Hailstorm                Conj/Ice       11%        3d5       50%         4
 Bolt of Magma            Conj/Fire/Erth 1%         4d4       99%         5


Dungeon Overview and Level Annotations

Branches:
Dungeon (3/15)

Altars:


Innate Abilities, Weirdness & Mutations

Your plain brown scales are hard. (AC +6)
You cannot fit into any form of body armour.
You are cold-blooded and may be slowed by cold attacks.


Message History

You are too injured to fight recklessly!
Casting: Freeze (safe; 1% risk of failure)
Confirm with . or Enter, or press ? or * to list all spells.
Aiming: Freeze (safe; 1% risk of failure)
Press: ? - help, Shift-Dir - straight line, f - wyvern zombie
Aim: a wyvern zombie (moderately damaged)
You freeze the wyvern zombie.
The wyvern zombie resists.
The wyvern zombie is moderately damaged.
The wyvern zombie bites you.
* * * LOW HITPOINT WARNING * * *
You feel better. The wyvern zombie bites you.
The wyvern zombie bites you but does no damage.
You hit the wyvern zombie.
The wyvern zombie is moderately damaged.
The wyvern zombie completely misses you.
You hit the wyvern zombie but do no damage.
The wyvern zombie is moderately damaged.
Your icy armour evaporates.
The wyvern zombie bites you!
* * * LOW HITPOINT WARNING * * *
The wyvern zombie misses you.
Casting: Freeze (safe; 1% risk of failure)
Confirm with . or Enter, or press ? or * to list all spells.
Aiming: Freeze (safe; 1% risk of failure)
Press: ? - help, Shift-Dir - straight line, f/p - wyvern zombie
Aim: a wyvern zombie (moderately damaged)
You freeze the wyvern zombie.
The wyvern zombie resists.
The wyvern zombie is moderately damaged.
The wyvern zombie barely misses you. The wyvern zombie closely misses you.
Casting: Freeze (safe; 1% risk of failure)
Confirm with . or Enter, or press ? or * to list all spells.
Aiming: Freeze (safe; 1% risk of failure)
Press: ? - help, Shift-Dir - straight line, f/p - wyvern zombie
Aim: a wyvern zombie (moderately damaged)
You freeze the wyvern zombie but do no damage.
The wyvern zombie completely resists.
The wyvern zombie closely misses you.
As you read the scroll labelled ZOELAV DORO, it crumbles to dust.
The scroll dissolves into smoke.
It was a scroll of fog.
The wyvern zombie bites you!
You die...

#.# #....
#.########
#....
#..#.#.#.#
#....
#..#.....#
#....
#..'....##
#....
#..§§..(.#
#....
##§§§..[##
#....
#Z#§....#
#....
#@#§#.#.#
#....
#########
#####


You could see a wyvern zombie.

Vanquished Creatures
  The ghost of mdonais the Sneak, an amateur OpBr (D:3)
  A water moccasin zombie (D:3)
  Jessica (D:3)
  5 adders
  A dart slug (D:2)
  5 ball pythons
  7 bats
  6 endoplasms
  A giant cockroach (D:1)
  9 goblins
  4 hobgoblins
  7 jackals (D:1)
  6 quokkas
  4 frilled lizards
  10 kobolds
  9 rats
77 creatures vanquished.

Notes
Turn   | Place    | Note
-------+----------+-------------------------------------------
     0 | D:1      | Sweetruy1997 the Draconian Ice Elementalist began the quest
                  | for the Orb.
     0 | D:1      | Reached XP level 1. HP: 14/14 MP: 3/3
   156 | D:1      | Reached XP level 2. HP: 7/20 MP: 0/5
   782 | D:1      | Reached XP level 3. HP: 23/26 MP: 0/6
   838 | D:1      | Learned a level 3 spell: Frozen Ramparts
   842 | D:1      | Learned a level 3 spell: Ozocubu's Armour
  1177 | D:2      | You fall into a shaft and drop 1 floor!
  1185 | D:3      | Noticed Jessica
  1244 | D:3      | HP: 1/26 [poisoned by an adder]
  1647 | D:2      | Reached XP level 4. HP: 33/33 MP: 5/8
  1985 | D:2      | Reached skill level 5 in Ice Magic
  2408 | D:2      | Reached skill level 1 in Fighting
  2864 | D:3      | Found a faded altar of an unknown god.
  2891 | D:3      | Killed Jessica
  3111 | D:3      | Reached XP level 5. HP: 41/41 MP: 7/9
  3171 | D:3      | Learned a level 3 spell: Ignite Poison
  3265 | D:3      | Found a runed translucent gate.
  3266 | D:3      | Found a runed translucent gate.
  3266 | D:3      | Found a runed translucent gate.
  3268 | D:3      | Noticed mdonais's ghost (amateur OpBr)
  3400 | D:3      | Killed mdonais's ghost
  3424 | D:3      | Reached skill level 1 in Maces & Flails
  3424 | D:3      | Reached XP level 6. HP: 24/48 MP: 2/11
  3435 | D:3      | Slain by a wyvern zombie

Illustrated notes

Levels and vault maps discovered:
D:1:      shiori_arrival_maze, layout_basic,
          hangedman_abyss_or_decor_lesser_grid
D:2:      layout_loops_corners
D:3:      layout_basic, gammafunk_ghost_necromancy,
          chequers_ecumenical_altar_island, uniq_jessica

Skill      XL: |  1  2  3  4  5 |
---------------+----------------+-----
Spellcasting   | 3 |  3.7
Ice Magic      | 5 |  5.5
Dodging        | 2 |  2.2
Stealth        | 2 |  2.1
Fighting       | 2 |  2.2
Maces & Flails | 1 |  1.0

Action                   |  1- 3 |  4- 6 || total
-------------------------+-------+-------++-------
Melee: Unarmed           |    20 |       ||    20
       Tailslap          |     5 |     3 ||     8
       Club              |    23 |     5 ||    28
       Mace              |       |    34 ||    34
 Cast: Freeze            |    45 |    53 ||    98
       Frozen Ramparts   |     2 |     2 ||     4
       Ozocubu's Armour  |       |     1 ||     1
  Use: Potion            |     1 |     1 ||     2
       Scroll            |       |     1 ||     1
 Stab: Sleeping          |     1 |       ||     1
Armor: Skin              |    37 |    43 ||    80
Dodge: Dodged            |    60 |    54 ||   114

Table legend: (Time is in decaauts)
 A = Elapsed time spent in this place.
 B = Non-inter-level travel time spent in this place.
 C = Inter-level travel time spent in this place.
 D = Time resting spent in this place.
 E = Time spent auto-exploring this place.
 F = Levels seen in this place.
 G = Mean time per level.
                   A        B        C        D        E       F      G
               +--------+--------+--------+--------+--------+-----+--------+
         Total |   3462 |   3420 |     42 |    806 |   2087 |   3 | 1154.0 |
       Dungeon |   3462 |   3420 |     42 |    806 |   2087 |   3 | 1154.0 |
               +--------+--------+--------+--------+--------+-----+--------+

Top non-repeatable levels by time:
     D:2: 1530 daAuts
     D:1: 1193 daAuts
     D:3: 739 daAuts
